 Dungeon Crawl Stone Soup version 0.22-a0-354-g30dfbe6fde (webtiles) character file.

203 KleinerIrrer the Chopper (level 6, -5/47 HPs)
             Began as a Formicid Fighter on Apr 17, 2018.
             Slain by a gnoll
             ... wielding a +0 spear
              (7 damage)
             ... on level 2 of the Dungeon on Apr 18, 2018.
             The game lasted 00:00:12 (603 turns).

KleinerIrrer the Chopper (Formicid Fighter)          Turns: 603, Time: 00:00:12

Health: -5/47      AC:  6    Str: 22    XL:     6   Next: 8%
Magic:  6/6        EV:  8    Int:  8    God:
Gold:   24         SH:  9    Dex: 10    Spells: 5/5 levels left

rFire    . . .     SeeInvis +   Y - +0 war axe
rCold    . . .     Gourm    .   c - +0 shield
rNeg     . . .     Faith    .   b - +0 scale mail
rPois    .         Spirit   .   (helmet unavailable)
rElec    .         Reflect  .   (no cloak)
rCorr    .         Harm     .   (no gloves)
MR       .....                  (no boots)
Stlth    ..........             (no amulet)
HPRegen  0.15/turn              (no ring)
MPRegen  0.10/turn              (no ring)

@: no status effects
A: permanent stasis, dig shafts and tunnels, four strong arms, antennae 3
a: Dig, Shaft Self


You were on level 2 of the Dungeon.
You were not hungry.

You visited 1 branch of the dungeon, and saw 2 of its levels.

You collected 24 gold pieces.


Innate Abilities, Weirdness & Mutations

You cannot be hasted, slowed, berserked, paralysed or teleported.
You can dig through walls and to a lower floor.
Your four strong arms can wield two-handed weapons with a shield.
You have a pair of large antennae on your head. (SInv)


   Skills:
 - Level 3.2 Fighting
 - Level 5.7 Axes
 - Level 3.2 Armour
 + Level 0.9 Dodging
 - Level 3.6 Shields


You had 5 spell levels left.
You didn't know any spells.

Inventory:

Hand Weapons
 i - a +2 whip of electrocution
 m - a +0 mace
 Y - a +0 war axe (weapon)
Armour
 b - a +0 scale mail (worn)
 c - a +0 shield (worn)
Potions
 d - a potion of might
 e - a potion of flight {unknown}
 j - a potion of magic {unknown}
Comestibles
 f - 2 rations
 g - a chunk of flesh

Dungeon Overview and Level Annotations

Branches:
Dungeon (2/15)

Altars:


Message History

You block the gnoll's attack. The gnoll hits you with a club.
You slash the gnoll!
The gnoll is severely wounded.
The gnoll hits you but does no damage. You block the gnoll's attack.
You hit the gnoll.
You kill the gnoll!
The gnoll closely misses you. You block the gnoll's attack.
You hit the gnoll.
The gnoll is lightly wounded.
The gnoll closely misses you.
The gnoll hits you from afar with a spear.
You completely miss the gnoll.
The gnoll is lightly wounded.
The gnoll hits you but does no damage. The gnoll barely misses you.
The gnoll hits you with a spear.
You hit the gnoll.
The gnoll is moderately wounded.
The gnoll hits you but does no damage. x2
The gnoll hits you from afar with a spear!
You die...

# { #.
#.$######
#...@...#
###.##g#.##
#...g.g...##
###........#
##........#
#......?..#
#.......<.##
#.........#
#l........#


You could see 2 gnolls.

Vanquished Creatures
  Sigmund (D:2)
  2 gnolls (D:2)
  A worm (D:2)
  A dart slug (D:1)
  A leopard gecko (D:2)
  5 bats (D:1)
  A giant cockroach (D:1)
  3 hobgoblins
  A ball python (D:2)
  3 frilled lizards (D:1)
  2 kobolds
  A rat (D:1)
22 creatures vanquished.

Notes
Turn   | Place    | Note
-------+----------+-------------------------------------------
     0 | D:1      | KleinerIrrer the Formicid Fighter began the quest for the Orb.
     0 | D:1      | Reached XP level 1. HP: 18/18 MP: 1/1
     0 | D:1      | 0 ||| counter = 1
   100 | D:1      | Reached XP level 2. HP: 19/24 MP: 2/2
   224 | D:1      | Reached skill level 3 in Axes
   256 | D:1      | 256 ||| DROPPING club.
   547 | D:1      | 547 ||| READING scroll labeled EPU GELYPLO.
   548 | D:1      | 548 ||| READING scroll labeled QEDDOD YFF.
   549 | D:1      | 549 ||| READING scroll labeled NOAWOP UKUEQUDGH.
   570 | D:2      | Noticed Sigmund
   583 | D:2      | Reached XP level 3. HP: 24/29 MP: 3/3
   593 | D:2      | Killed Sigmund
   593 | D:2      | Reached skill level 5 in Axes
   593 | D:2      | Reached XP level 4. HP: 10/35 MP: 4/4
   593 | D:2      | Reached XP level 5. HP: 12/41 MP: 5/5
   594 | D:2      | Reached XP level 6. HP: 14/47 MP: 6/6
   596 | D:2      | HP: 11/47 [gnoll/spear (3)]
   598 | D:2      | HP: 5/47 [gnoll/club (4)]
   602 | D:2      | HP: 2/47 [gnoll/spear (3)]
   603 | D:2      | Slain by a gnoll

Vault maps used:
D:1:      nzn_arrival_settlement
D:2:      kennysheep_big_flooded_room, nicolae_overflow_hidden_temple,
          minmay_overflow_temple_star_quad, serial_bayou_lagoon_a, uniq_natasha,
          uniq_sigmund

Skill      XL: |  1  2  3 |
---------------+----------+-----
Axes           | 3 5 |  5.7
Fighting       | |  3.2
Armour         | |  3.2
Dodging        | |  0.9
Shields        | |  3.6

Action                   |  1- 3 |  4- 6 || total
-------------------------+-------+-------++-------
Melee: War axe           |    65 |    10 ||    75
  Use: Scroll            |     3 |       ||     3
Armor: Scale mail        |    30 |     6 ||    36
Dodge: Dodged            |    22 |     3 ||    25
Block: Shield            |    39 |     5 ||    44

Table legend:
 A = Spawn XP
 B = Non-spawn XP
 C = Spawn XP percentage of total XP
 D = Spawn monster count
 E = Non-spawn monster count
 F = Spawn count percentage of total count
 G = Total turns spent on level
                    A         B        C        D         E        F      G
               +---------+---------+-------+---------+---------+-------+---------
         Total |       0 |     291 |   0.0 |       0 |      22 |   0.0 |   603
               +---------+---------+-------+---------+---------+-------+---------
           D:1 |       0 |      24 |   0.0 |       0 |      14 |   0.0 |   570
           D:2 |       0 |     267 |   0.0 |       0 |       8 |   0.0 |    33
               +---------+---------+-------+---------+---------+-------+---------
